[Event "Paracin Open 2022"]
[Site "Paracin"]
[Date "2022.07.16"]
[Round "9.3"]
[White "Nogerbek, Kazybek"]
[Black "Menezes, Christoph"]
[Result "1/2-1/2"]
[ECO "E05"]
[WhiteElo "2437"]
[BlackElo "2417"]
[Annotator "ChessBase"]
[PlyCount "57"]
[EventDate "2022.07.08"]
[EventCountry "SRB"]
[SourceTitle "playchess.com"]
[Source "ChessBase"]
[SourceQuality "1"]
[TimeControl "5400+30"]

1. c4 e6 2. Nf3 Nf6 3. g3 d5 4. d4 Be7 5. Bg2 O-O 6. O-O dxc4 7. Qc2 a6 8. a4 Bd7 9. Qxc4 Bc6 10. Nc3 b5 11. Qd3 b4 12. Nb1 Be4 13. Qd1 c5 14. Nbd2 Bd5 15. dxc5 Nbd7 16. c6 Bxc6 17. Nb3 Bd5 18. Be3 Rc8 19. Bd4 Qc7 20. Rc1 Qb7 21. Na5 Qa8 22. Ne1 Rxc1 23. Qxc1 Bxg2 24. Nxg2 Rc8 25. Qd1 Qd5 26. Bxf6 Nxf6 27. Qxd5 Nxd5 28. Ne1 Nb6 29. Nd3 1/2-1/2

[Event "Paracin Open 2022"]
[Site "Paracin"]
[Date "2022.07.16"]
[Round "9.4"]
[White "Urazayev, Arystanbek"]
[Black "Muthaiah AL"]
[Result "0-1"]
[ECO "B18"]
[WhiteElo "2430"]
[BlackElo "2401"]
[Annotator "ChessBase"]
[PlyCount "108"]
[EventDate "2022.07.08"]
[EventCountry "SRB"]
[SourceTitle "playchess.com"]
[Source "ChessBase"]
[SourceQuality "1"]
[TimeControl "5400+30"]

1. e4 c6 2. d4 d5 3. Nd2 dxe4 4. Nxe4 Bf5 5. Ng3 Bg6 6. h4 h6 7. Nh3 Nf6 8. Nf4 Bh7 9. Bc4 e5 10. dxe5 Qa5+ 11. c3 Qxe5+ 12. Kf1 Nbd7 13. Qf3 Qc5 14. Bd3 O-O-O 15. Bxh7 Rxh7 16. Be3 Qb5+ 17. Qe2 Qe5 18. Qc4 Bd6 19. Re1 g6 20. h5 g5 21. Nd3 Qe6 22. Qxe6 fxe6 23. Ne2 Rf7 24. Nd4 Re8 25. Ke2 a6 26. Nc2 e5 27. Rd1 e4 28. Nc1 Bc7 29. Nb3 Ne5 30. Nc5 Nd5 31. Rhf1 Nc4 32. Bc1 Nf4+ 33. Bxf4 gxf4 34. Rd4 f3+ 35. gxf3 exf3+ 36. Kd1 Nxb2+ 37. Kc1 Bb6 38. Ne4 Bxd4 39. Nd6+ Kd7 40. Nxf7 Bxc3 41. Ne3 Bd4 42. Nf5 Bf6 43. Kc2 Re2+ 44. Kb3 c5 45. N7xh6 a5 46. a4 c4+ 47. Ka3 Nd3 48. Rb1 Bb2+ 49. Rxb2 Rxb2 50. Ng4 Rb3+ 51. Ka2 Nb4+ 52. Ka1 c3 53. Nd4 Rb2 54. h6 Rd2 0-1

[Event "Paracin Open 2022"]
[Site "Paracin"]
[Date "2022.07.16"]
[Round "9.5"]
[White "Djordjevic, Vuk"]
[Black "Gan-Erdene, Sugar"]
[Result "1/2-1/2"]
[ECO "D00"]
[WhiteElo "2382"]
[BlackElo "2428"]
[Annotator "ChessBase"]
[PlyCount "122"]
[EventDate "2022.07.08"]
[EventCountry "SRB"]
[SourceTitle "playchess.com"]
[Source "ChessBase"]
[SourceQuality "1"]
[TimeControl "5400+30"]

1. d4 Nf6 2. Bg5 d5 3. e3 c5 4. Bxf6 gxf6 5. dxc5 Nc6 6. c3 e5 7. b4 a5 8. Bb5 Rg8 9. Ne2 axb4 10. cxb4 Rg4 11. Nbc3 Be6 12. a3 Rxg2 13. Ng3 d4 14. exd4 exd4 15. Nce2 Qd5 16. Qxd4 Qxd4 17. Nxd4 Bd5 18. Ndf5 O-O-O 19. Rd1 Re8+ 20. Kf1 Rxg3 21. Nxg3 Bxh1 22. Nxh1 Kc7 23. Ng3 Ra8 24. Rd3 Ne5 25. Rb3 Bh6 26. Nh5 Bc1 27. a4 f5 28. Nf6 Rd8 29. Ne8+ Kb8 30. Nd6 Bf4 31. h3 f6 32. Nxf5 Rd1+ 33. Kg2 Rd2 34. Nd6 Ng6 35. Nf5 Be5 36. Ne3 Nf4+ 37. Kf3 Nxh3 38. Ng4 Bd4 39. Rd3 Rxd3+ 40. Bxd3 Bc3 41. b5 Bd4 42. c6 bxc6 43. bxc6 Kc7 44. Bb5 Ng5+ 45. Kf4 Nh3+ 46. Ke4 Bxf2 47. Bf1 Ng5+ 48. Kd5 Bb6 49. Nxf6 Ba5 50. Ne8+ Kd8 51. Nd6 Kc7 52. Ne8+ Kd8 53. Nd6 Kc7 54. Nc4 Be1 55. a5 Nf7 56. a6 Bf2 57. Bh3 h5 58. Bd7 h4 59. Be6 Nd8 60. Bd7 h3 61. Bxh3 Nxc6 1/2-1/2

[Event "Paracin Open 2022"]
[Site "Paracin"]
[Date "2022.07.16"]
[Round "9.6"]
[White "Arjun Kalyan"]
[Black "Harikrishnan.A.Ra"]
[Result "1-0"]
[ECO "C54"]
[WhiteElo "2499"]
[BlackElo "2396"]
[Annotator "ChessBase"]
[PlyCount "99"]
[EventDate "2022.07.08"]
[EventCountry "SRB"]
[SourceTitle "playchess.com"]
[Source "ChessBase"]
[SourceQuality "1"]
[TimeControl "5400+30"]

1. e4 e5 2. Nf3 Nc6 3. Bc4 Bc5 4. O-O Nf6 5. d3 O-O 6. c3 d5 7. exd5 Nxd5 8. Re1 Bg4 9. Nbd2 Nb6 10. h3 Bh5 11. b4 Be7 12. Qe2 Nxc4 13. Nxc4 f6 14. b5 Nb8 15. d4 Qd5 16. Ne3 Qe6 17. dxe5 fxe5 18. Ng4 Nd7 19. Nfxe5 Nxe5 20. Qxe5 Bxg4 21. Qxe6+ Bxe6 22. Rxe6 Bf6 23. Bb2 Rfd8 24. Re2 Rd3 25. c4 Bxb2 26. Rxb2 Rad8 27. Re1 R8d4 28. Re8+ Kf7 29. Rb8 Rxc4 30. Rxb7 Ra3 31. Rd2 Rc1+ 32. Kh2 Rc5 33. Rb8 Re5 34. Rc2 Re7 35. Rb7 Kf8 36. Rb8+ Kf7 37. Rc8 Kf6 38. f3 a5 39. Ra8 Re6 40. Rxc7 Rxa2 41. Rf8+ Ke5 42. Rxg7 a4 43. f4+ Kd4 44. f5 Rd6 45. f6 Rf2 46. f7 Rd7 47. Rxh7 Ra7 48. Rd8+ Kc3 49. f8=Q Rxf8 50. Rxa7 1-0

[Event "Paracin Open 2022"]
[Site "Paracin"]
[Date "2022.07.16"]
[Round "9.7"]
[White "Han, Yichen"]
[Black "Makhnev, Denis"]
[Result "1/2-1/2"]
[ECO "C47"]
[WhiteElo "2286"]
[BlackElo "2492"]
[Annotator "ChessBase"]
[PlyCount "196"]
[EventDate "2022.07.08"]
[EventCountry "SRB"]
[SourceTitle "playchess.com"]
[Source "ChessBase"]
[SourceQuality "1"]
[TimeControl "5400+30"]

1. e4 e5 2. Nf3 Nc6 3. Nc3 Nf6 4. d4 exd4 5. Nxd4 Bb4 6. Nxc6 bxc6 7. Bd3 d5 8. Bd2 O-O 9. O-O Bxc3 10. Bxc3 Nxe4 11. Bxe4 dxe4 12. Qh5 Qd5 13. Qe5 f6 14. Qxc7 Bg4 15. Rfe1 Bh5 16. a4 c5 17. a5 a6 18. Qf4 Rfe8 19. Re3 Bg6 20. Qc7 Rad8 21. Qa7 Ra8 22. Qc7 Red8 23. Re2 Rd7 24. Qb6 Qc4 25. Qb3 Qxb3 26. cxb3 Rb8 27. Rd2 Rd3 28. Rxd3 exd3 29. Kf1 Bf7 30. Re1 Bxb3 31. Re3 Kf7 32. Ke1 Bc4 33. Kd2 Bb5 34. Re1 Rd8 35. g3 Rd5 36. f4 Bd7 37. Re3 Bf5 38. h3 c4 39. g4 Bd7 40. Re4 f5 41. Rxc4 fxg4 42. hxg4 Bxg4 43. Bd4 Bd7 44. Be5 h5 45. Rc3 g5 46. Rxd3 Rxd3+ 47. Kxd3 Bf5+ 48. Ke3 g4 49. Bc3 h4 50. Be1 g3 51. Bxg3 hxg3 52. Kf3 Ke6 53. Kxg3 Kd5 54. Kf3 Kc4 55. Ke3 Bg6 56. b4 Kb5 57. Kd2 Kxb4 58. Kd1 Kc3 59. Kc1 Bc2 60. f5 Bxf5 61. Kd1 Kb2 62. Ke1 Kc1 63. Ke2 Kc2 64. Ke3 Bd3 65. Kd4 Kd2 66. Ke5 Kc3 67. Kf4 Kd4 68. Kf3 Bc4 69. Kf2 Kd3 70. Ke1 Bb3 71. Kf2 Bd1 72. Ke1 Be2 73. Kf2 Kd2 74. Kg3 Ke3 75. Kg2 Bd3 76. Kg1 Kf3 77. Kh2 Kf2 78. Kh1 Be4+ 79. Kh2 Bf3 80. Kh3 Kg1 81. Kg3 Bg2 82. Kf4 Kf2 83. Kg4 Bc6 84. Kh3 Ke3 85. Kg3 Bf3 86. Kh3 Kd2 87. Kg3 Bd1 88. Kf2 Bh5 89. Kf1 Kc3 90. Ke1 Bg4 91. Kf2 Kb4 92. Ke3 Kxa5 93. Kd2 Kb4 94. Kc2 a5 95. Kb2 a4 96. Ka1 Kb3 97. Kb1 a3 98. Ka1 a2 1/2-1/2

[Event "Paracin Open 2022"]
[Site "Paracin"]
[Date "2022.07.16"]
[Round "9.8"]
[White "Koustav Chatterjee"]
[Black "Anuj Shrivatri"]
[Result "1/2-1/2"]
[ECO "E46"]
[WhiteElo "2485"]
[BlackElo "2383"]
[Annotator "ChessBase"]
[PlyCount "90"]
[EventDate "2022.07.08"]
[EventCountry "SRB"]
[SourceTitle "playchess.com"]
[Source "ChessBase"]
[SourceQuality "1"]
[TimeControl "5400+30"]

1. d4 Nf6 2. c4 e6 3. Nc3 Bb4 4. e3 O-O 5. Nge2 c6 6. a3 Ba5 7. c5 d6 8. b4 Bc7 9. g3 e5 10. Bg2 d5 11. dxe5 Bxe5 12. O-O Re8 13. Bb2 Nbd7 14. Qc2 Nf8 15. Rad1 Qc7 16. h3 h5 17. Rfe1 Bd7 18. f4 Bxc3 19. Nxc3 Qc8 20. Kh2 Bf5 21. e4 dxe4 22. Nxe4 Nxe4 23. Bxe4 Bxe4 24. Rxe4 Qf5 25. Qc3 f6 26. Qc4+ Kh7 27. Rde1 Rxe4 28. Rxe4 Rd8 29. Bc3 Rd1 30. Qe2 Qd5 31. f5 Qxf5 32. Qxd1 Qxe4 33. Qxh5+ Kg8 34. Qd1 Qe3 35. Qc2 Ne6 36. h4 Nc7 37. Bb2 Nd5 38. Bc1 Qf3 39. Qg2 Qg4 40. Bd2 Kh7 41. Qf1 Qe4 42. Qg2 Qd3 43. g4 f5 44. gxf5 Qxf5 45. Qe2 Nf6 1/2-1/2

[Event "Paracin Open 2022"]
[Site "Paracin"]
[Date "2022.07.16"]
[Round "9.9"]
[White "Nitish Belurkar"]
[Black "Ohanyan, Emin"]
[Result "0-1"]
[ECO "B48"]
[WhiteElo "2460"]
[BlackElo "2354"]
[Annotator "ChessBase"]
[PlyCount "150"]
[EventDate "2022.07.08"]
[EventCountry "SRB"]
[SourceTitle "playchess.com"]
[Source "ChessBase"]
[SourceQuality "1"]
[TimeControl "5400+30"]

1. e4 c5 2. Nf3 e6 3. d4 cxd4 4. Nxd4 Nc6 5. Nc3 Qc7 6. Be3 a6 7. Qf3 Nf6 8. O-O-O Ne5 9. Qg3 b5 10. f4 Neg4 11. Bg1 b4 12. Na4 h5 13. e5 Nd5 14. h3 Nh6 15. Kb1 g6 16. Bd3 Bb7 17. Be4 Rb8 18. Qf3 Nf5 19. Nxf5 gxf5 20. Bxd5 Bxd5 21. Rxd5 exd5 22. Bd4 Rh6 23. Rd1 Rc8 24. Rd2 Rc6 25. Qd3 Qa5 26. b3 Qb5 27. Qf3 h4 28. Kb2 Rg6 29. Rf2 Rg3 30. Qh5 Rc6 31. Qxf5 Rcg6 32. Qh5 Rxg2 33. f5 R6g5 34. Qxh4 Qc6 35. Qf4 Rxf2 36. Qxf2 Rh5 37. Qg3 Rxf5 38. e6 fxe6 39. Qg6+ Rf7 40. Qh5 d6 41. Qh4 e5 42. Bb6 Rf4 43. Qd8+ Kf7 44. Be3 Rf6 45. Bd2 d4 46. Bxb4 Rf2 47. Ka3 a5 48. Qxa5 Qxc2 49. Qd5+ Kg7 50. Bxd6 Qxa2+ 51. Kb4 Qd2+ 52. Kb5 Qd3+ 53. Ka5 Bxd6 54. Qxd6 Qf5 55. Nc5 Kf7 56. Nd7 e4+ 57. Kb4 d3 58. Ne5+ Kg7 59. Qc7+ Kg8 60. Ng4 Qf8+ 61. Kb5 Rf5+ 62. Ka4 Qe8+ 63. Ka3 Qe6 64. Qd8+ Kg7 65. Qd4+ Kh7 66. Kb2 Qe7 67. Qe3 Qg7+ 68. Ka3 Qa1+ 69. Kb4 Qa5+ 70. Kc4 Qb5+ 71. Kc3 Qc5+ 72. Kd2 Qc2+ 73. Ke1 Qc3+ 74. Kd1 Rf1+ 75. Qe1 Rxe1# 0-1

[Event "Paracin Open 2022"]
[Site "Paracin"]
[Date "2022.07.16"]
[Round "9.10"]
[White "Tsaknakis, Zisis"]
[Black "Harshavardhan G B"]
[Result "0-1"]
[ECO "C76"]
[WhiteElo "2266"]
[BlackElo "2397"]
[Annotator "ChessBase"]
[PlyCount "84"]
[EventDate "2022.07.08"]
[EventCountry "SRB"]
[SourceTitle "playchess.com"]
[Source "ChessBase"]
[SourceQuality "1"]
[TimeControl "5400+30"]

1. e4 e5 2. Nf3 Nc6 3. Bb5 a6 4. Ba4 d6 5. O-O Bd7 6. c3 g6 7. d4 Bg7 8. Be3 Nge7 9. dxe5 dxe5 10. Bc5 b6 11. Ba3 b5 12. Bc2 O-O 13. Nbd2 Na5 14. Qe2 Re8 15. Ne1 Nc8 16. Nd3 Nd6 17. Nc5 Bc6 18. Bb4 Nab7 19. a4 Nxc5 20. Bxc5 Nb7 21. Be3 Bf8 22. b4 Nd6 23. axb5 axb5 24. Bc5 Bd7 25. Nb3 Qf6 26. Bd3 c6 27. Rad1 Rec8 28. Na5 Be8 29. f4 Nxe4 30. Bxf8 Nxc3 31. Qd2 Nxd1 32. fxe5 Qxe5 33. Bh6 Qd4+ 34. Kh1 Nb2 35. Nb3 Qxd3 36. Qf2 Rd8 37. Rg1 Qc3 38. Nc5 Nd1 39. Qe2 Qxb4 40. Nb7 Qe7 41. Qf3 Rd3 42. Qf4 Ra4 0-1

[Event "Paracin Open 2022"]
[Site "Paracin"]
[Date "2022.07.16"]
[Round "9.11"]
[White "Petrov, Nikita"]
[Black "Arpita, Mukherjee"]
[Result "1-0"]
[ECO "A45"]
[WhiteElo "2558"]
[BlackElo "2281"]
[Annotator "ChessBase"]
[PlyCount "103"]
[EventDate "2022.07.08"]
[EventCountry "SRB"]
[SourceTitle "playchess.com"]
[Source "ChessBase"]
[SourceQuality "1"]
[TimeControl "5400+30"]

1. d4 Nf6 2. Bg5 Ne4 3. Bf4 d5 4. e3 c5 5. Nd2 Bf5 6. Bxb8 Rxb8 7. Nxe4 dxe4 8. Bb5+ Bd7 9. Bxd7+ Qxd7 10. dxc5 Qb5 11. Qd4 Rd8 12. Qxe4 g6 13. Nf3 Bg7 14. c3 O-O 15. Qc2 a5 16. Qb3 Qxc5 17. a4 Rb8 18. Nd4 Bxd4 19. cxd4 Qc6 20. O-O Rfc8 21. h3 b5 22. axb5 Qxb5 23. Qa3 Qb4 24. Qxa5 Qxa5 25. Rxa5 Rxb2 26. Rg5 f5 27. Rg3 Rcc2 28. Rf3 e6 29. g4 Kg7 30. Kg2 Rd2 31. Kg3 Kf6 32. Rc1 h5 33. gxh5 gxh5 34. Rc8 Rb1 35. Rh8 Kg6 36. Kf4 Rb5 37. Rg3+ Kf6 38. f3 Rdb2 39. Rh6+ Kf7 40. Rxh5 R2b4 41. Rh7+ Kf6 42. Rh6+ Kf7 43. Kg5 f4+ 44. Kxf4 e5+ 45. Ke4 exd4 46. exd4 Rb8 47. Rh7+ Kf6 48. Rh6+ Kf7 49. Rd6 Re8+ 50. Kf4 Rb3 51. Rd5 Ree3 52. Rf5+ 1-0

[Event "Paracin Open 2022"]
[Site "Paracin"]
[Date "2022.07.16"]
[Round "9.12"]
[White "Ristic, Nenad"]
[Black "Makarian, Rudik"]
[Result "0-1"]
[ECO "B22"]
[WhiteElo "2293"]
[BlackElo "2533"]
[Annotator "ChessBase"]
[PlyCount "150"]
[EventDate "2022.07.08"]
[EventCountry "SRB"]
[SourceTitle "playchess.com"]
[Source "ChessBase"]
[SourceQuality "1"]
[TimeControl "5400+30"]

1. e4 c5 2. Nf3 e6 3. c3 d5 4. exd5 Qxd5 5. d4 Nf6 6. Bd3 Be7 7. O-O O-O 8. Be3 cxd4 9. cxd4 Nc6 10. Nc3 Qd8 11. a3 b6 12. Qe2 Bb7 13. Rad1 Rc8 14. Rfe1 Na5 15. Bb1 Nc4 16. Ba2 Bxf3 17. gxf3 Nxe3 18. Qxe3 Qc7 19. Rc1 Bd6 20. Ne4 Qe7 21. Qg5 Nxe4 22. Qxe7 Bxe7 23. fxe4 Bg5 24. Rxc8 Rxc8 25. Re2 Kf8 26. d5 Ke7 27. Kg2 Bf4 28. a4 Be5 29. Bb3 Rc1 30. h3 h6 31. dxe6 fxe6 32. Rc2 Rxc2 33. Bxc2 Bxb2 34. f4 Kd6 35. Bb3 e5 36. f5 Kc5 37. Kf3 Kb4 38. Bc2 Bc1 39. Ke2 Kc3 40. Bd3 Kd4 41. Bb1 Bg5 42. Bc2 h5 43. Bb1 h4 44. Bd3 Bd8 45. Bb1 Be7 46. Bd3 Bf8 47. Bb1 Bc5 48. Bc2 Bd6 49. Bb1 Bc7 50. Bc2 Bd8 51. Bb1 a6 52. Bd3 b5 53. axb5 a5 54. Bc2 Kc4 55. Bd1 Kc3 56. Ke3 Kb4 57. Kd3 a4 58. Kc2 Kxb5 59. Kb2 Kb4 60. Ka2 Be7 61. Bc2 Bd6 62. Bd1 Bf8 63. f6 g5 64. Bg4 Kc3 65. Bd7 a3 66. Bf5 Kc2 67. Bg4 Kd3 68. Bf5 g4 69. Bxg4 Kxe4 70. Kb3 Kd3 71. Be6 e4 72. Bf5 Ke3 73. Kc2 Kf3 74. Be6 e3 75. Kd3 e2 0-1

[Event "Paracin Open 2022"]
[Site "Paracin"]
[Date "2022.07.16"]
[Round "9.13"]
[White "Zanan, Evgeny"]
[Black "Ristic, Luka"]
[Result "1-0"]
[ECO "B92"]
[WhiteElo "2521"]
[BlackElo "2243"]
[Annotator "ChessBase"]
[PlyCount "79"]
[EventDate "2022.07.08"]
[EventCountry "SRB"]
[SourceTitle "playchess.com"]
[Source "ChessBase"]
[SourceQuality "1"]
[TimeControl "5400+30"]

1. e4 c5 2. Nf3 d6 3. d4 cxd4 4. Nxd4 Nf6 5. Nc3 a6 6. Be2 e5 7. Nb3 Be7 8. O-O O-O 9. Kh1 Nc6 10. Be3 Be6 11. Nd2 Rc8 12. Nc4 Nd4 13. Bxd4 Bxc4 14. Bxc4 Rxc4 15. Be3 h6 16. f3 b5 17. a3 Qa8 18. Rf2 Rd8 19. Rd2 Qc6 20. Ne2 Qb7 21. Nc3 Rdc8 22. Bf2 b4 23. axb4 Qxb4 24. Na4 Nd7 25. c3 Qb8 26. b3 R4c6 27. c4 Qb4 28. Rd3 Bd8 29. Nc3 Nc5 30. Bxc5 Qxc5 31. Nd5 Qa7 32. Ra4 Rb8 33. Qa1 a5 34. g3 Bb6 35. Kg2 Bd4 36. Rxa5 Qb7 37. Qa4 Kh7 38. Rxd4 exd4 39. Rb5 Qa7 40. Qxa7 1-0

[Event "Paracin Open 2022"]
[Site "Paracin"]
[Date "2022.07.16"]
[Round "9.14"]
[White "Saurabh Anand"]
[Black "Gundavaa, Bayarsaikhan"]
[Result "0-1"]
[ECO "D37"]
[WhiteElo "2215"]
[BlackElo "2503"]
[Annotator "ChessBase"]
[PlyCount "92"]
[EventDate "2022.07.08"]
[EventCountry "SRB"]
[SourceTitle "playchess.com"]
[Source "ChessBase"]
[SourceQuality "1"]
[TimeControl "5400+30"]

1. d4 Nf6 2. c4 e6 3. Nf3 d5 4. Nc3 a6 5. c5 Nc6 6. Bf4 Be7 7. e3 Nh5 8. Bd3 f5 9. Ne5 Nxf4 10. exf4 Nxe5 11. fxe5 O-O 12. O-O b6 13. b4 a5 14. a3 c6 15. Na4 bxc5 16. bxc5 Ba6 17. Rb1 Qc7 18. Rb6 Bxd3 19. Qxd3 Bd8 20. Rfb1 Qc8 21. Qb3 f4 22. f3 h6 23. Rb7 Bc7 24. Nc3 Rf7 25. Ne2 Qe8 26. Qd3 a4 27. Qg6 Qc8 28. R1b4 Ra5 29. h4 Ra8 30. h5 Rf5 31. Rxc7 Qxc7 32. Qxe6+ Qf7 33. Qxc6 Re8 34. Rb7 Qxh5 35. Qxd5+ Kh8 36. c6 Qh4 37. Rb1 Rh5 38. Kf1 Qg5 39. Qd7 Qg6 40. Qxe8+ Qxe8 41. c7 Rh1+ 42. Ng1 Kh7 43. d5 Qg6 44. Re1 Qd3+ 45. Kf2 Qd4+ 46. Ke2 Qxe5+ 0-1

[Event "Paracin Open 2022"]
[Site "Paracin"]
[Date "2022.07.16"]
[Round "9.15"]
[White "Agmanov, Zhandos"]
[Black "Efremov, Vladislav"]
[Result "1/2-1/2"]
[ECO "C65"]
[WhiteElo "2459"]
[BlackElo "2185"]
[Annotator "ChessBase"]
[PlyCount "136"]
[EventDate "2022.07.08"]
[EventCountry "SRB"]
[SourceTitle "playchess.com"]
[Source "ChessBase"]
[SourceQuality "1"]
[TimeControl "5400+30"]

1. e4 e5 2. Nf3 Nc6 3. Bb5 Nf6 4. d3 Bc5 5. c3 O-O 6. O-O d6 7. Ba4 Ne7 8. Re1 Ng6 9. d4 Bb6 10. h3 c6 11. Nbd2 h6 12. Bc2 Re8 13. Nf1 d5 14. exd5 e4 15. Ne5 cxd5 16. Nxg6 fxg6 17. Bf4 g5 18. Bg3 g4 19. hxg4 Bxg4 20. Qd2 Nh5 21. Bh2 Bc7 22. Qe3 Rf8 23. Bxc7 Qxc7 24. Bb3 Nf6 25. Qg3 Qxg3 26. Nxg3 Kh7 27. Re3 Rae8 28. Rae1 Bd7 29. f3 exf3 30. gxf3 Rxe3 31. Rxe3 Re8 32. Re5 Bc6 33. Kf2 g6 34. Ne2 Kg7 35. Ke3 Kf7 36. Nf4 g5 37. Nd3 Nd7 38. Rxe8 Kxe8 39. f4 Ke7 40. Bd1 Nf6 41. Ne5 Bd7 42. fxg5 hxg5 43. Bf3 Be6 44. b3 Kd6 45. a3 b6 46. b4 a5 47. Kd2 axb4 48. cxb4 Nd7 49. Nxd7 Bxd7 50. Bd1 Bf5 51. Ke3 Kc6 52. Ba4+ Kd6 53. Kf3 Bc8 54. Kg3 Bf5 55. Bb5 Kc7 56. Be2 Kc6 57. Bf1 Be6 58. Bd3 Bc8 59. Bc2 Be6 60. Ba4+ Kd6 61. Bb5 Bf5 62. Kf3 Be6 63. Kf2 Bf5 64. Kg3 Be6 65. Bd3 Kc6 66. a4 Kd6 67. a5 bxa5 68. bxa5 Kc6 1/2-1/2

[Event "Paracin Open 2022"]
[Site "Paracin"]
[Date "2022.07.16"]
[Round "9.16"]
[White "Makridis, Dimitrios"]
[Black "Srihari L R"]
[Result "1/2-1/2"]
[ECO "B07"]
[WhiteElo "2152"]
[BlackElo "2431"]
[Annotator "ChessBase"]
[PlyCount "67"]
[EventDate "2022.07.08"]
[EventCountry "SRB"]
[SourceTitle "playchess.com"]
[Source "ChessBase"]
[SourceQuality "1"]
[TimeControl "5400+30"]

1. e4 g6 2. d4 Bg7 3. c3 d6 4. Bd3 Nf6 5. Nf3 O-O 6. O-O Nc6 7. Bg5 h6 8. Bh4 e5 9. dxe5 dxe5 10. Qc2 g5 11. Bg3 Nh5 12. Re1 Nf4 13. Bf1 h5 14. Na3 Ng6 15. h3 h4 16. Bh2 g4 17. hxg4 Bxg4 18. Nc4 Bxf3 19. gxf3 Qg5+ 20. Kh1 Qf6 21. Qe2 Qe6 22. Ne3 Nce7 23. Ng4 Rfd8 24. Bh3 Qb6 25. Ne3 Bh6 26. Rg1 Kf8 27. Bf5 Bf4 28. Bxg6 Nxg6 29. Nd5 Qe6 30. Rg4 Bxh2 31. Kxh2 Rd7 32. Qe3 Kg7 33. Rag1 c6 34. Rxh4 1/2-1/2

[Event "Paracin Open 2022"]
[Site "Paracin"]
[Date "2022.07.16"]
[Round "9.17"]
[White "Ozturk, Efe Hakan"]
[Black "Samant Aditya S"]
[Result "1/2-1/2"]
[ECO "A13"]
[WhiteElo "2115"]
[BlackElo "2431"]
[Annotator "ChessBase"]
[PlyCount "115"]
[EventDate "2022.07.08"]
[EventCountry "SRB"]
[SourceTitle "playchess.com"]
[Source "ChessBase"]
[SourceQuality "1"]
[TimeControl "5400+30"]

1. Nf3 Nf6 2. c4 e6 3. g3 d5 4. Bg2 d4 5. O-O c5 6. e3 Nc6 7. exd4 cxd4 8. d3 Bd6 9. a3 a5 10. Bg5 h6 11. Bxf6 Qxf6 12. Nbd2 Qd8 13. Re1 O-O 14. Qc2 Re8 15. c5 Bc7 16. Rab1 a4 17. b4 axb3 18. Rxb3 e5 19. Nc4 Na5 20. Nxa5 Rxa5 21. Nd2 Qe7 22. Rc1 Ra7 23. Qb2 Ba5 24. Ne4 Be6 25. Rb5 Rea8 26. Nd6 Bc3 27. Qe2 Bd7 28. Rxb7 Rxb7 29. Bxb7 Ra5 30. Ne4 Rxa3 31. Bd5 Be6 32. Bxe6 Qxe6 33. Nxc3 dxc3 34. Qe1 Qb3 35. c6 c2 36. Qd2 Qxd3 37. Qxd3 Rxd3 38. Rxc2 Rd8 39. Kg2 Kf8 40. Kf3 Ke7 41. Ke4 Ke6 42. g4 g6 43. c7 f5+ 44. gxf5+ gxf5+ 45. Ke3 Rc8 46. f4 Kd6 47. fxe5+ Kxe5 48. Rc5+ Kd6 49. Rxf5 Rxc7 50. Rf6+ Ke5 51. Rxh6 Rc3+ 52. Kf2 Kf4 53. Rh4+ Kg5 54. Re4 Rc2+ 55. Kg3 Rc3+ 56. Kf2 Rc2+ 57. Re2 Rxe2+ 58. Kxe2 1/2-1/2

[Event "Paracin Open 2022"]
[Site "Paracin"]
[Date "2022.07.16"]
[Round "9.18"]
[White "Aakash Sharadchandra, Dalvi"]
[Black "Amartuvshin, Ganzorig"]
[Result "1/2-1/2"]
[ECO "E11"]
[WhiteElo "2110"]
[BlackElo "2409"]
[Annotator "ChessBase"]
[PlyCount "191"]
[EventDate "2022.07.08"]
[EventCountry "SRB"]
[SourceTitle "playchess.com"]
[Source "ChessBase"]
[SourceQuality "1"]
[TimeControl "5400+30"]

1. d4 Nf6 2. c4 e6 3. Nf3 Bb4+ 4. Bd2 Qe7 5. Nc3 Bxc3 6. Bxc3 Ne4 7. Qc2 Nxc3 8. Qxc3 O-O 9. e4 b6 10. Bd3 Bb7 11. O-O d6 12. b4 Nd7 13. Rab1 e5 14. d5 c5 15. dxc6 Bxc6 16. Rfe1 g6 17. Rbd1 Rfd8 18. Bc2 Rac8 19. Qd3 Nf8 20. Bb3 Ne6 21. Qe3 Bb7 22. a3 Kg7 23. Rd2 Ba6 24. Rc2 Qf6 25. g3 h6 26. Rec1 Rc7 27. Rd1 Bc8 28. Rcd2 Nf8 29. Ne1 Bg4 30. f3 Bc8 31. c5 bxc5 32. bxc5 Rxc5 33. Rxd6 Rxd6 34. Qxc5 Rxd1 35. Bxd1 Ba6 36. Bb3 Nd7 37. Qxa7 Qd6 38. Bd5 Qxa3 39. Bc4 Qb4 40. Bxa6 Qxe1+ 41. Kg2 Qd2+ 42. Qf2 Qc3 43. Qa2 Nb6 44. Bb5 g5 45. Qf2 Nc8 46. Qe2 Nd6 47. Bd3 Qd4 48. Kf1 h5 49. Kg2 Kf8 50. Kf1 g4 51. fxg4 hxg4 52. Kg2 f5 53. exf5 e4 54. Bc2 Qd5 55. h3 e3+ 56. Kh2 gxh3 57. Kxh3 Nc4 58. Kh2 Nd2 59. Bd1 Qxf5 60. Kg1 Qc5 61. Kg2 Qd5+ 62. Kg1 Qd4 63. Kg2 Ke7 64. Kg1 Ne4 65. Bb3 Nxg3 66. Qc4 Qe5 67. Qb4+ Ke8 68. Ba4+ Kd8 69. Qh4+ Kc7 70. Qc4+ Kb6 71. Qb4+ Ka6 72. Bb5+ Qxb5 73. Qa3+ Kb7 74. Qxe3 Nf5 75. Qe4+ Kc7 76. Kh2 Kd6 77. Kg1 Qb6+ 78. Kg2 Qb2+ 79. Kg1 Nd4 80. Qe3 Kd5 81. Kh1 Kc4 82. Kg1 Qc2 83. Kh1 Qg6 84. Kh2 Qg4 85. Qg3 Qe4 86. Qg2 Qe3 87. Qg3 Qe2+ 88. Qg2 Qh5+ 89. Qh3 Qd1 90. Qe3 Qf1 91. Qh3 Qf2+ 92. Kh1 Qe2 93. Qg2 Qh5+ 94. Qh2 Qd1+ 95. Qg1 Qxg1+ 96. Kxg1 1/2-1/2

[Event "Paracin Open 2022"]
[Site "Paracin"]
[Date "2022.07.16"]
[Round "9.19"]
[White "Sapenov, Daniyal"]
[Black "Panda Sambit"]
[Result "1/2-1/2"]
[ECO "D30"]
[WhiteElo "2362"]
[BlackElo "2123"]
[Annotator "ChessBase"]
[PlyCount "62"]
[EventDate "2022.07.08"]
[EventCountry "SRB"]
[SourceTitle "playchess.com"]
[Source "ChessBase"]
[SourceQuality "1"]
[TimeControl "5400+30"]

1. d4 d5 2. c4 e6 3. Nf3 a6 4. g3 dxc4 5. Bg2 c5 6. O-O cxd4 7. Nbd2 b5 8. Nxd4 Ra7 9. N2f3 Rd7 10. Qc2 Nf6 11. a4 Bc5 12. e3 Bb7 13. axb5 Bxd4 14. Nxd4 Bxg2 15. Kxg2 axb5 16. Nxb5 Qc8 17. Na3 Rc7 18. e4 O-O 19. Bf4 Rc6 20. Rfc1 Qb7 21. f3 Rfc8 22. Qe2 c3 23. bxc3 Rxc3 24. Rab1 Qa6 25. Qxa6 Nxa6 26. Rxc3 Rxc3 27. Nb5 Rc2+ 28. Kg1 h6 29. Nd6 g5 30. Be3 Nd7 31. Rc1 Rxc1+ 1/2-1/2

[Event "Paracin Open 2022"]
[Site "Paracin"]
[Date "2022.07.16"]
[Round "9.20"]
[White "Taspinar, Yanki"]
[Black "Kairbekova, Amina"]
[Result "0-1"]
[ECO "A62"]
[WhiteElo "2311"]
[BlackElo "2133"]
[Annotator "ChessBase"]
[PlyCount "126"]
[EventDate "2022.07.08"]
[EventCountry "SRB"]
[SourceTitle "playchess.com"]
[Source "ChessBase"]
[SourceQuality "1"]
[TimeControl "5400+30"]

1. d4 Nf6 2. c4 c5 3. d5 e6 4. Nc3 d6 5. Nf3 g6 6. g3 Bg7 7. Bg2 O-O 8. O-O Re8 9. Re1 exd5 10. cxd5 Ne4 11. Nxe4 Rxe4 12. Nd2 Re8 13. a4 Nd7 14. Qc2 f5 15. Rb1 a5 16. b3 Nf6 17. Nc4 Ra6 18. Bb2 Bd7 19. Qd3 Re7 20. e3 Qe8 21. Bc3 Ne4 22. Bxg7 Kxg7 23. Nxa5 Rxa5 24. Bxe4 fxe4 25. Qc3+ Kg8 26. Qxa5 Bh3 27. Rb2 Re5 28. Qb5 Qf7 29. f4 exf3 30. e4 Qe7 31. Qd3 Bf5 32. Qxf3 Bxe4 33. Qf4 g5 34. Qf2 Rxd5 35. Rbe2 Re5 36. g4 d5 37. Qg3 d4 38. Rf2 d3 39. Qe3 Re6 40. Ref1 Bg6 41. Qd2 Re4 42. Rg2 Qe5 43. Qf2 Rf4 44. Re1 Rxf2 45. Rxe5 d2 46. Kxf2 d1=Q 47. Rg3 Qd2+ 48. Re2 Qd4+ 49. Rge3 Qxg4 50. Re7 Qd4+ 51. Ke1 Qc3+ 52. Kf2 Qxb3 53. Rd2 Qb6 54. Rdd7 c4+ 55. Ke1 c3 56. Rxb7 Qg1+ 57. Ke2 Qxh2+ 58. Ke3 c2 59. Rec7 Qe5+ 60. Kd2 Qd4+ 61. Ke2 Qe4+ 62. Kd2 Qd3+ 63. Ke1 Qe3+ 0-1